 Dungeon Crawl Stone Soup version 0.20-a0-338-g717130a (webtiles) character file.

304 Jraekied the Skirmisher (level 6, -1/57 HPs)
             Began as a Hill Orc Abyssal Knight on Dec 21, 2016.
             Was a Believer of Lugonu.
             Slain by an iguana (11 damage)
             ... on level 4 of the Dungeon.
             The game lasted 00:06:48 (3201 turns).

Jraekied the Skirmisher (Hill Orc Abyssal Knight)   Turns: 3201, Time: 00:06:48

Health: -1/57      AC:  6    Str: 17    XL:     6   Next: 38%
Magic:  9/9        EV:  9    Int: 12    God:    Lugonu [**....]
Gold:   315        SH:  0    Dex: 10    Spells: 5/5 levels left

rFire  . . .     SeeInvis .     b - -3 hunting sling (curse)
rCold  . . .     Gourm    .     m - +0 scale mail
rNeg   . . .     Faith    .     (no shield)
rPois  .         Spirit   .     (no helmet)
rElec  .         Reflect  .     (no cloak)
rCorr  .         Harm     .     (no gloves)
MR     .....                    (no boots)
Stlth  ..........               (no amulet)
                                (no ring)
                                (no ring)

@: no status effects
A: no striking features
a: Depart the Abyss, Bend Space, Renounce Religion


You were on level 4 of the Dungeon.
You worshipped Lugonu.
Lugonu was pleased with you.
You were not hungry.

You visited 1 branch of the dungeon, and saw 4 of its levels.
You visited the Abyss 1 time.

You collected 315 gold pieces.

Inventory:

Hand Weapons
 a - a +2 hand axe
 b - a cursed -3 hunting sling (weapon)
 g - a +0 hunting sling
Missiles
 i - 94 stones (quivered)
 w - 17 sling bullets
Armour
 e - a +0 leather armour
 m - a +0 scale mail (worn)
Scrolls
 d - a scroll of random uselessness
 r - 3 scrolls of amnesia
Potions
 j - a potion of brilliance
 l - a potion of degeneration
 n - a potion of curing
 o - 2 potions of flight
 s - a potion of berserk rage
 u - a potion of might {unknown}
 v - a potion of lignification {unknown}
Comestibles
 c - 4 bread rations
 f - a royal jelly
 h - 2 beef jerkies
 p - 3 meat rations


   Skills:
 + Level 5.7 Fighting
 + Level 5.3 Axes
 - Level 2.1 Armour
 - Level 0.7 Dodging
 + Level 5.2 Invocations


You had 5 spell levels left.
You didn't know any spells.

Dungeon Overview and Level Annotations

Branches:
Dungeon (4/15)
 Temple: D:4-7

Altars:


Message History

Aim: an iguana (severely wounded)
You shoot a stone. The stone closely misses the iguana.
The iguana barely misses you.
Firing (i - inventory. (,) - cycle):
i - 96 stones (quivered)
Press: ? - help, Shift-Dir - straight line, f/p - iguana
Aim: an iguana (severely wounded)
You shoot a stone. The stone hits the iguana.
The iguana is almost dead.
The iguana bites you!
* * * LOW HITPOINT WARNING * * *
The iguana bites you.
* * * LOW HITPOINT WARNING * * *
Firing (i - inventory. (,) - cycle):
i - 95 stones (quivered)
Press: ? - help, Shift-Dir - straight line, f/p - iguana
Aim: an iguana (almost dead)
You shoot a stone.
The stone hits the iguana but does no damage.
The iguana is almost dead.
The iguana bites you!
You die...

.. #. # #.#.#.
#.#..# #.##.# ##
########.##.## ⌠(#
###...<........###.#
.##.##........#.#l#
.##.##.###...#.⌠@#
.##.##.###....#.#.#
............#.####.#
.##.##.##......# ⌠.#
.##.##........#.#
##..
.##.........#.....
#.#
.#####.###.##.#....
##.## .#
#..∩.....##### #...#
# .# #####.####
#...# #


You could see an iguana.

Vanquished Creatures
  2 orc priests
  Terence (D:2)
  2 orc wizards
  A gnoll (D:3)
  6 adders
  An ooze (D:3)
  2 worms (D:3)
  5 dart slugs
  2 leopard geckos
  9 orcs
  6 giant cockroaches
  6 goblins
  4 hobgoblins
  7 jackals
  6 kobolds
  10 bats
  4 frilled lizards
  6 rats
80 creatures vanquished.

Notes
Turn   | Place    | Note
-------+----------+-------------------------------------------
     0 | Abyss:1  | Jraekied the Hill Orc Abyssal Knight began the quest for the Orb.
     0 | Abyss:1  | Reached XP level 1. HP: 19/19 MP: 2/2
   135 | Abyss:2  | Noticed a sixfirhy
   139 | D:1      | Escaped the Abyss
   335 | D:1      | Reached XP level 2. HP: 21/27 MP: 4/4
   449 | D:1      | Reached * piety under Lugonu
   606 | D:1      | Reached XP level 3. HP: 21/33 MP: 5/5
  1289 | D:2      | Reached XP level 4. HP: 41/41 MP: 6/6
  1374 | D:2      | Found a faded altar of an unknown god.
  1377 | D:2      | Noticed Terence
  1397 | D:2      | Killed Terence
  1858 | D:3      | Reached XP level 5. HP: 45/47 MP: 8/8
  1915 | D:3      | Reached skill level 5 in Fighting
  1932 | D:3      | Reached ** piety under Lugonu
  2425 | D:3      | Reached XP level 6. HP: 52/56 MP: 9/9
  2441 | D:3      | Reached skill level 5 in Axes
  2701 | D:3      | Reached skill level 5 in Invocations
  3201 | D:4      | Slain by an iguana

Vault maps used:
D:1:      moated_graveyard_arrival
D:2:      chequers_ecumenical_altar_simple, uniq_terence
D:3:      first_bread, minmay_misc_feat_roman
D:4:      abandoned_shop, hangedman_abyss_or_decor_passed,
          grunt_decor_mini_mirrors, roderic_serpentine_path, minivault_5,
          nrook_mini_vaults
Abyss:2:  guppyfry_abyss_exit_imp_island

Skill      XL: |  1  2  3  4  5  6 |
---------------+-------------------+-----
Axes           | 3 4 5 |  5.3
Invocations    | 3 4 5 |  5.2
Fighting       | 4 5 |  5.7
Armour         | |  2.1
Dodging        | |  0.7

Action                   |  1- 3 |  4- 6 || total
-------------------------+-------+-------++-------
Melee: Hand axe          |    64 |   117 ||   181
 Fire: Hunting sling     |    54 |   110 ||   164
Invok: Depart the Abyss  |     1 |       ||     1
  Use: Scroll            |       |    10 ||    10
       Potion            |       |     1 ||     1
  Eat: Chunk             |     1 |     6 ||     7
Armor: Leather armour    |    15 |       ||    15
       Scale mail        |    30 |    75 ||   105
Dodge: Dodged            |    66 |    81 ||   147
